 Dungeon Crawl Stone Soup version 0.29-a0-872-g797fff5ad1 (webtiles) character file.

Game seed: 6595094284216313429

39 Querens the Covered (level 3, 0/33 HPs)
             Began as a Meteoran Fighter on July 19, 2022.
             Constricted to death by Terence (4 damage)
             ... on level 2 of the Dungeon.
             The game lasted 00:03:08 (877 turns).

Querens the Covered (Meteoran Fighter)               Turns: 877, Time: 00:03:09

Health: 0/33       AC:  7    Str: 20    XL:     3   Next: 94%
Magic:  4/4        EV:  6    Int:  9    God:
Gold:   77         SH:  5    Dex: 13    Spells: 2/2 levels left

rFire   . . .      SeeInvis .   a - +0 war axe
rCold   . . .      Faith    .   c - +0 buckler
rNeg    . . .      Spirit   .   b - +0 scale mail
rPois   .          Reflect  .   (no helmet)
rElec   .          Harm     .   (no cloak)
rCorr   .          Rampage  .   (no gloves)
Will    .....                   (no boots)
Stlth   ..........              (no amulet)
HPRegen 0.11/turn               (no ring)
MPRegen 0.09/turn               (no ring)

@: grasped by roots, glowing, constricted
A: sense surroundings 1, otherworldly, glowing, explore regen
a: no special abilities


You were on level 2 of the Dungeon.
You visited 1 branch of the dungeon, and saw 2 of its levels.

You collected 77 gold pieces.

Inventory:

Hand Weapons
 a - a +0 war axe (weapon)
Armour
 b - a +0 scale mail (worn)
 c - a +0 buckler (worn)
Jewellery
 e - a ring of wizardry
Scrolls
 g - 3 scrolls of identify {unknown}
 i - a scroll of brand weapon {unknown}
 j - a scroll of poison {unknown}
 m - 3 scrolls of enchant weapon {unknown}
Potions
 d - a potion of might
 f - a potion of mutation {unknown}
 h - a potion of cancellation {unknown}
 k - a potion of heal wounds {unknown}
 l - a potion of brilliance {unknown}
 n - a potion of resistance {unknown}


   Skills:
 + Level 3.7 Fighting
 + Level 3.1 Axes
 + Level 4.1 Armour
 + Level 4.1 Shields


You had 2 spell levels left.
You didn't know any spells.
Your spell library contained the following spells:

 Spells                   Type           Power      Damage    Failure   Level
 Borgnjor's Revivificati  Necr           0%         N/A       100%        8
 Necromutation            Tmut/Necr      0%         N/A       100%        8
 Death's Door             Necr           0%         N/A       100%        9


Dungeon Overview and Level Annotations

Branches:
Dungeon (2/15) Zot: 290

Altars:

Annotations:
D:2 Terence


Innate Abilities, Weirdness & Mutations

You passively map a small area around you.
You are easily found by Zot.
You glow in the dark.
You regain HP and MP as you explore.


Message History

You kill the goblin!
No target in view!
Terence the Incautious comes into view.
He is wielding a +0 mace and carrying a wand of roots (9).
Terence shouts!
Terence is nearby!
You block Terence's attack.
You slash Terence!
Terence is moderately wounded.
Terence hits you but does no damage. Terence hits you with a +0 mace.
You hit Terence but do no damage.
Terence is moderately wounded.
Terence zaps a wand.
The roots erupt in riotous growth!
The grasping roots grab you!
Terence is unaffected.
The grasping roots constrict you.
You barely miss Terence.
Terence is moderately wounded.
Terence hits you with a +0 mace! The grasping roots constrict you.
Terence hits you with a +0 mace. The grasping roots constrict you.
You hit Terence.
Terence is heavily wounded.
Terence closely misses you. The grasping roots constrict you.
The grasping roots release their grip on you.
You hit Terence.
Terence is heavily wounded.
Terence zaps a wand.
The roots erupt in riotous growth!
The grasping roots grab you!
Terence is unaffected.
The grasping roots constrict you.
* * * LOW HITPOINT WARNING * * *
Terence says, "You're history."
Terence closely misses you. The grasping roots constrict you.
* * * LOW HITPOINT WARNING * * *
You barely miss Terence.
Terence is heavily wounded.
Terence hits you but does no damage. The grasping roots constrict you.
* * * LOW HITPOINT WARNING * * *
You completely miss Terence.
Terence is heavily wounded.
Terence says, "Did you write a will?
You should..."
Terence barely misses you. The grasping roots constrict you.
You die...

####...##......##.##.#.
...#..###......# .# ,
...#..# #......##.# *
...#..# #.......... ,
...#..# #........... , *
...#..# #.)...###### * *
...#..# #.....#
####..###.....##########* *
#....#.......@@......, , ,
##.#.################* ,**
#####.#.# , ......#.# , , ,
#######.# ################ ,
, #......# #..............#
, #######.# #.############.#
, , ......#.# #.# #.#
#####.#.####.############.#,
*


You could see Terence.

Vanquished Creatures
  2 dart slugs
  A worm (D:2)
  5 ball pythons
  2 endoplasms (D:1)
  A giant cockroach (D:1)
  7 goblins
  3 hobgoblins
  A kobold (D:1)
  A quokka (D:1)
  2 frilled lizards (D:1)
  6 rats
31 creatures vanquished.

Notes
Turn   | Place    | Note
-------+----------+-------------------------------------------
     0 | D:1      | Querens the Meteoran Fighter began the quest for the Orb.
     0 | D:1      | Reached XP level 1. HP: 19/19 MP: 2/2
    54 | D:1      | Reached XP level 2. HP: 13/26 MP: 3/3
   181 | D:1      | Reached XP level 3. HP: 28/31 MP: 4/4
   481 | D:1      | Glimpsed the power of Zot.
   867 | D:2      | Noticed Terence
   877 | D:2      | Constricted to death by Terence

Illustrated notes

Levels and vault maps discovered:
D:1:      tarquinn_simple_flora_water_d, layout_rooms, hangedman_glass_teeth
D:2:      cheibrodos_greedy_goblins, layout_basic, basic_altar,
          grunt_ministairs_10, uniq_terence

Skill      XL: |  1  2  3 |
---------------+----------+-----
Armour         | 4 |  4.1
Shields        | 4 |  4.1
Axes           | 3 |  3.1
Fighting       | |  3.7

Action                   || total
-------------------------++-------
Melee: War axe           ||    80
Armor: Scale mail        ||    46
Dodge: Dodged            ||    27
Block: Buckler           ||    18

Table legend: (Time is in decaauts)
 A = Elapsed time spent in this place.
 B = Non-inter-level travel time spent in this place.
 C = Inter-level travel time spent in this place.
 D = Time resting spent in this place.
 E = Time spent auto-exploring this place.
 F = Levels seen in this place.
 G = Mean time per level.
                   A        B        C        D        E       F      G
               +--------+--------+--------+--------+--------+-----+--------+
         Total |    908 |    815 |     93 |      0 |      0 |   2 |  454.0 |
       Dungeon |    908 |    815 |     93 |      0 |      0 |   2 |  454.0 |
               +--------+--------+--------+--------+--------+-----+--------+

Top non-repeatable levels by time:
     D:1: 507 daAuts
     D:2: 401 daAuts
